 Dungeon Crawl Stone Soup version 0.15.0-22-g71df38d (webtiles) character file.

208450 tizzy the Black Belt (level 18, -4/168 HPs)
             Began as a Demonspawn Monk on Sept 7, 2014.
             Was the Champion of Dithmenos.
             Slain by a salamander mystic
             ... wielding a +0 quarterstaff
              (22 damage)
             ... on Level 5 of the Snake Pit.
             The game lasted 03:03:27 (60397 turns).

tizzy the Black Belt (Demonspawn Monk)             Turns: 60397, Time: 03:03:27

HP  -4/168       AC 21     Str 15      XL: 18   Next: 12%
MP   0/33        EV 20     Int 11      God: Dithmenos [******]
Gold 1019        SH  0     Dex 23      Spells:  8 memorised, 14 levels left

rFire  x . .     SeeInvis +       - Unarmed
rCold  + . .     Clarity  .     q - +2 swamp dragon armour
rNeg   . . .     rCorr    .     (no shield)
rPois  +         rRot     .     Y - +2 hat {Spirit}
rElec  .         Spirit   +     j - +2 cloak
SustAb .         Warding  .     (gloves unavailable)
rMut   +         Stasis   .     E - +1 pair of boots
Gourm  .                        R - amulet of resist mutation
MR     +....                    K - ring of ice
                                P - ring of see invisible

@: wreathed by umbra, somewhat resistant to hostile enchantments, quite stealthy
A: claws 3, thin metallic scales 2, agile 1, demonic guardian 3, robust 2, magic
shield, magic regeneration
a: Shadow Step, Shadow Form, Renounce Religion
}: 1/15 runes: serpentine


You were on level 5 of the Snake Pit.
You worshipped Dithmenos.
Dithmenos was exalted by your worship.
You were not hungry.

You visited 6 branches of the dungeon, and saw 35 of its levels.
You also visited: Labyrinth and Ice Cave.

You collected 3324 gold pieces.
You spent 2305 gold pieces at shops.

Inventory:

Hand weapons
 y - the +5 eveningstar "Etu Toun" {crush, rPois SInv}
   (You found it in a labyrinth)

   It inflicts extra damage upon your enemies.
   It protects you from poison.
   It enhances your eyesight.
 I - a +1 blowgun
Missiles
 A - 7 javelins (quivered)
 B - 26 poisoned needles
 L - 6 curare-tipped needles
Armour
 j - a +2 cloak (worn)
 q - a +2 swamp dragon armour (worn)
 E - a +1 pair of boots (worn)
 X - a +3 troll leather armour
 Y - a +2 hat of spirit shield (worn)
Magical devices
 i - a wand of frost (14)
 k - a wand of cold (6)
 x - a wand of draining (3)
 F - a wand of digging (10)
 J - a wand of teleportation (5)
 M - a wand of disintegration (9)
Comestibles
 b - 19 bread rations
 s - 6 fruits
 v - a rotting chunk of naga flesh
Scrolls
 f - 6 scrolls of teleportation
 m - 9 scrolls of remove curse
 t - 7 scrolls of identify
 u - 5 scrolls of magic mapping
 w - 6 scrolls of recharging
 Q - 4 scrolls of fog
Jewellery
 p - an uncursed ring of protection from fire
 K - a ring of ice (right claw)
 P - a ring of see invisible (left claw)
 R - an amulet of resist mutation (around neck)
 S - an uncursed ring of teleportation
Potions
 a - 2 potions of brilliance
 c - 3 potions of magic
 e - 8 potions of restore abilities
 g - 3 potions of cancellation
 h - 10 potions of curing
 l - 3 potions of resistance
 n - 6 potions of might
 r - a potion of berserk rage
 C - a potion of flight
 D - 3 potions of heal wounds
 G - a potion of haste
 O - a potion of agility
Books
 z - a book of Debilitation

   Spells                             Type                      Level
   Corona                             Hexes                        1
   Slow                               Hexes                        2
   Inner Flame                        Hexes/Fire                   3
   Enslavement                        Hexes                        4
   Cause Fear                         Hexes                        4
   Leda's Liquefaction                Hexes/Earth                  4
Miscellaneous
 o - a fan of gales


   Skills:
 + Level 12.1 Fighting
 - Level 6.0 Armour
 + Level 11.2 Dodging
 + Level 11.5 Stealth
 * Level 19.7 Unarmed Combat
 * Level 6.3 Spellcasting
 + Level 4.0 Charms
 - Level 2.1 Necromancy
 - Level 13.6 Invocations


You had 14 spell levels left.
You knew the following spells:

 Your Spells              Type           Power        Failure   Level  Hunger
a - Blink                 Tloc           N/A          34%         2    ##.....
b - Repel Missiles        Chrm/Air       #.....       14%         2    ##.....
c - Apportation           Tloc           #.........   21%         1    None
d - Shroud of Golubria    Chrm/Tloc      #.........   14%         2    ##.....
e - Infusion              Chrm           ##....       4%          1    None
f - Song of Slaying       Chrm           ##......     8%          2    ##.....
g - Regeneration          Chrm/Necr      ##........   21%         3    ###....
h - Swiftness             Chrm/Air       #.......     14%         2    ##.....


Dungeon Overview and Level Annotations

Branches:
Dungeon (12/15)            Temple (1/1) D:5             Orc (4/4) D:9
    Elf (0/3) Orc:3          Lair (8/8) D:8           Swamp (5/5) Lair:6
  Snake (5/5) Lair:3        Slime (0/6) Lair:7

Altars:
Ashenzari
Dithmenos
Elyvilon
Kikubaaqudgha
Makhleb
Okawaru
Qazlal
Sif Muna
Yredelemnul
The Shining One
Beogh

Shops:
D:4 [   D:9 *   Orc:4 [((}   Snake:2 (

Annotations:
D:10 Urug


Innate Abilities, Weirdness & Mutations

You have claws for hands.
You are mostly covered in thin metallic scales (AC +3).
A powerful demonic guardian rushes to your aid.
You are very robust (+20% HP).
When hurt, damage is shared between your health and your magic reserves.
You regenerate magic rapidly.
You are agile. (Dex +2)


Message History

You scratch the salamander but do no damage.
The salamander is moderately wounded.
Your shadow hits the salamander but does no damage.
The salamander hits you with a glaive.
You are engulfed in flames!!
The fire burns you terribly!
* * * LOW HITPOINT WARNING * * *
The salamander mystic hits you but does no damage.
Drink which item? (? for menu, Esc to quit)
You feel better.
Your cacodemon disappears in a puff of smoke!
The salamander mystic is no longer bleeding.
The salamander hits you with a glaive.
* * * LOW HITPOINT WARNING * * *
You are engulfed in flames!!
The fire burns you terribly!
* * * LOW HITPOINT WARNING * * *
You hear a distant "Zot"!
The salamander mystic hits you with a quarterstaff.
* * * LOW HITPOINT WARNING * * *
You are engulfed in flames!!
The fire burns you terribly!
You die...

.# #. .......... .#
.##........... .
#.#............ ##
#............... .####
##)...#.........
....######...####........
......##...#.##
#..N......
......#.......###).......
#.....)#.......N@)#
#####)#).......N).## #
###...............# #
#..............N.## #
###...............# ###
##..............# .....
..# ##############.
#........ ..#
.##......... ..##
..#.........


You could see a salamander mystic, a salamander (bleeding), a naga ritualist and
a naga (confused).

Vanquished Creatures
  Saint Roka (Snake:4)
  An Ice Fiend (IceCv)
  Vashnia (Snake:2)
  A thorn hunter (Swamp:4)
  Roxanne (Snake:2)
  Donald (Swamp:5)
  7 greater nagas
  Jorgrun (Swamp:2)
  The ghost of gw the Severer, a powerful DDGl of Makhleb (Lair:2)
  A minotaur (Lab)
  Josephine (D:10)
  Fannar (D:10)
  Harold (Orc:2)
  14 hydras
  14 naga warriors
  6 alligators
  6 anacondas
  Nessos (Snake:2)
  Erica (D:10)
  5 shambling mangroves
  10 death yaks
  4 shock serpents
  11 naga sharpshooters
  4 orc high priests (Orc:4)
  5 ice devils
  2 salamander mystics (Snake:3)
  5 swamp dragons
  3 ice statues (IceCv)
  5 naga ritualists
  A necromancer (Swamp:3)
  3 unseen horrors
  A wizard (D:10)
  2 hill giants
  5 orc knights
  A griffon (D:7)
  5 red wasps
  6 mana vipers
  3 cyclopes
  A guardian serpent (Snake:5)
  4 salamanders
  13 elephants
  Joseph (D:10)
  34 black mambas
  A feature mimic (D:11)
  4 torpor snails
  26 spiny frogs
  A gargoyle (D:10)
  16 naga magi
  A queen ant (Lair:1)
  9 komodo dragons
  A hydra zombie (Swamp:3)
  3 spriggan druids
  7 polar bears
  An anaconda simulacrum (IceCv)
  3 fire drakes
  Sonja (D:11)
  3 boulder beetles (Lair:6)
  7 blue devils (IceCv)
  11 ravens
  7 giant leeches
  6 trolls
  27 slime creatures
  A two-headed ogre (Orc:4)
  A hydra skeleton (D:11)
  2 deep elf magi (Orc:4)
  2 basilisks
  27 blink frogs
  2 baby alligators (Swamp:5)
  11 bog bodies
  9 spriggans
  A trapdoor spider (Lair:5)
  A shadow (Swamp:1)
  61 yaks
  Eustachio (D:10)
  3 dire elephant simulacra (IceCv)
  A wraith (D:12)
  A hungry ghost (D:11)
  Grum (Orc:2)
  13 hippogriffs
  A wyvern (Lair:4)
  21 wolves
  19 vampire mosquitoes
  4 harpy simulacra (IceCv)
  29 swamp worms
  5 soldier ants (Lair:1)
  Edmund (D:4)
  2 hydra simulacra (IceCv)
  55 nagas
  30 water moccasins
  13 porcupines
  3 sky beasts
  6 swamp drakes
  12 ogres
  42 orc warriors
  6 phantoms
  4 ice beasts
  13 yellow wasps
  2 necrophages
  12 black bears
  A boring beetle (Lair:3)
  2 centaurs (D:10)
  5 big kobolds
  17 crocodiles
  Duvessa (D:9)
  A cyclops zombie (D:10)
  26 giant frogs
  10 insubstantial wisps
  2 gnoll sergeants (D:8)
  8 scorpions
  9 killer bees
  A hippogriff zombie (D:10)
  A manticore simulacrum (D:10)
  A yak skeleton (D:10)
  6 wights
  2 giant frog zombies
  Dowan (D:9)
  6 crimson imps
  13 hounds
  A black bear zombie (D:9)
  5 goliath beetles
  2 jellies
  An iron imp (Orc:4)
  A water moccasin simulacrum (D:8)
  11 electric eels
  50 orc priests
  2 centaur skeletons
  A giant frog skeleton (D:10)
  25 worker ants
  7 iguanas
  42 orc wizards
  A bog body skeleton (Swamp:3)
  Natasha (thrice) (D:6)
  A hippogriff simulacrum (D:10)
  17 sheep
  A killer bee zombie (D:9)
  Ijyb (D:2)
  A hound zombie (D:11)
  A hound skeleton (D:10)
  Terence (D:3)
  A worker ant zombie (D:11)
  7 gnolls (D:8)
  25 adders
  129 green rats
  A white imp (Orc:4)
  3 giant mites
  4 shadow imps
  4 worms
  An orc simulacrum (D:8)
  10 giant geckos
  4 oozes
  213 orcs
  5 giant cockroaches
  25 goblins
  23 hobgoblins
  12 quokkas
  4 ball pythons
  16 bats
  A giant gecko skeleton (D:5)
  6 giant newts
  A giant spore (D:6)
  A hobgoblin skeleton (D:9)
  7 jackals
  A jackal skeleton (D:4)
  37 kobolds
  A kobold skeleton (D:5)
  A quokka skeleton (D:5)
  20 rats
  6 ballistomycetes (D:6)
1605 creatures vanquished.

Vanquished Creatures (collateral kills)
  A greater naga (Snake:3)
  A naga warrior (Snake:1)
  2 hydras
  An anaconda (Snake:5)
  An alligator (Swamp:1)
  2 naga sharpshooters
  An orc high priest (Orc:4)
  A spriggan berserker (Swamp:4)
  3 spriggans
  An ice devil (IceCv)
  A spriggan druid (Swamp:4)
  A swamp dragon (Swamp:4)
  A naga ritualist (Snake:2)
  A mana viper (Snake:1)
  An orc sorcerer (Snake:4)
  A salamander (Snake:5)
  7 black mambas
  A hydra zombie (Swamp:3)
  2 slime creatures
  A bog body (Swamp:4)
  A raven (Swamp:4)
  2 yaks
  A hog (D:7)
  A giant leech zombie (Swamp:3)
  2 nagas
  A vampire mosquito (Swamp:1)
  A wolf (Lair:5)
  A swamp worm (Swamp:4)
  An ogre (D:5)
  3 yellow wasps
  2 centaurs
  A crocodile (D:8)
  A big kobold (D:10)
  A killer bee (D:8)
  A wight (D:7)
  A crimson imp (D:5)
  2 orc priests
  An orc wizard (Orc:1)
  An ogre skeleton (D:4)
  3 gnolls (D:2)
  A shadow imp (D:10)
  An ufetubus (D:8)
  13 orcs
  A goblin (D:5)
  3 hobgoblins
  3 kobolds
  3 briar patches
84 creatures vanquished.

Vanquished Creatures (others)
  3 Executioners
  3 cacodemons
  A balrug (Snake:5)
  2 reapers
  2 soul eaters
  4 sun demons
  2 ice devils
  A sixfirhy (Snake:2)
  A black mamba (Snake:2)
  A naga mage (Snake:3)
  4 smoke demons
  A boulder beetle (Lair:6)
  A spriggan (Swamp:4)
  A giant frog (Lair:7)
  32 quasits
  27 crimson imps
  25 iron imps
  38 white imps
  33 ufetubi
  A giant spore (D:6)
  A ballistomycete (D:6)
  A briar patch (Swamp:5)
  5 fungi
  A plant (Lair:8)
191 creatures vanquished.

Grand Total: 1880 creatures vanquished

Notes
Turn   | Place    | Note
--------------------------------------------------------------
     0 | D:1      | tizzy, the Demonspawn Monk, began the quest for the Orb.
     0 | D:1      | Reached XP level 1. HP: 18/18 MP: 1/1
   466 | D:1      | Reached skill level 4 in Unarmed Combat
   521 | D:1      | Gained mutation: You are partially covered in thin metallic scales (AC +2). [demonic ancestry]
   521 | D:1      | Reached XP level 2. HP: 14/24 MP: 2/2
  1152 | D:2      | Gained mutation: A weak demonic guardian rushes to your aid. [demonic ancestry]
  1152 | D:2      | Reached XP level 3. HP: 19/29 MP: 3/3
  1707 | D:2      | Reached skill level 5 in Unarmed Combat
  1822 | D:2      | Gained mutation: When hurt, damage is shared between your health and your magic reserves. [demonic ancestry]
  1822 | D:2      | Reached XP level 4. HP: 30/35 MP: 4/4
  1891 | D:2      | Noticed Ijyb
  1913 | D:2      | Killed Ijyb
  2578 | D:3      | Noticed Terence
  2591 | D:3      | Killed Terence
  2679 | D:3      | Gained mutation: You have sharp fingernails. [demonic ancestry]
  2679 | D:3      | Reached XP level 5. HP: 41/41 MP: 3/5
  2869 | D:3      | Found a deep blue altar of Sif Muna.
  2894 | D:3      | Reached skill level 6 in Unarmed Combat
  4004 | D:3      | Identified Sif Muna's Compendium of Snow
  4008 | D:4      | Found a stormy altar of Qazlal.
  4051 | D:4      | Reached XP level 6. HP: 47/47 MP: 6/6
  4061 | D:4      | Reached skill level 7 in Unarmed Combat
  4341 | D:4      | Noticed Edmund
  4555 | D:4      | Killed Edmund
  4555 | D:4      | Gained mutation: You regenerate magic rapidly. [demonic ancestry]
  4555 | D:4      | Reached XP level 7. HP: 38/52 MP: 4/7
  4672 | D:4      | Found Gaziw's Armour Boutique.
  4700 | D:4      | Bought a +0 cloak for 49 gold pieces
  4923 | D:5      | Entered Level 5 of the Dungeon
  4936 | D:5      | Reached skill level 8 in Unarmed Combat
  5016 | D:5      | Found a staircase to the Ecumenical Temple.
  5042 | Temple   | Entered the Ecumenical Temple
  5072 | Temple   | Became a worshipper of Dithmenos the Shadowed
  5072 | Temple   | Acquired Dithmenos' first power
  5466 | D:5      | Reached skill level 9 in Unarmed Combat
  5691 | D:6      | Gained mutation: You have very sharp fingernails. [demonic ancestry]
  5691 | D:6      | Reached XP level 8. HP: 58/58 MP: 8/8
  6102 | D:6      | Found a burning altar of Makhleb.
  6214 | D:6      | Found a white marble altar of Elyvilon.
  6476 | D:6      | Noticed Natasha
  6483 | D:6      | Killed Natasha
  6497 | D:6      | Reached skill level 10 in Unarmed Combat
  6860 | D:6      | Noticed Natasha
  6892 | D:6      | Killed Natasha
  6902 | D:6      | Noticed Natasha
  6906 | D:6      | Killed Natasha
  7094 | D:6      | Found a shattered altar of Ashenzari.
  7106 | D:6      | Found an iron altar of Okawaru.
  7107 | D:6      | Found an ancient bone altar of Kikubaaqudgha.
  7195 | D:7      | Acquired Dithmenos' second power
  7837 | D:7      | Reached skill level 11 in Unarmed Combat
  7868 | D:7      | Noticed a polar bear
  7868 | D:7      | Noticed a polar bear
  7868 | D:7      | Noticed a griffon
  7868 | D:7      | Noticed a polar bear
  7971 | D:7      | Noticed a polar bear
  8076 | D:7      | Reached XP level 9. HP: 47/63 MP: 5/9
  8537 | D:8      | Noticed an elephant
  8551 | D:8      | Found a staircase to the Lair.
  9459 | D:8      | Reached skill level 12 in Unarmed Combat
  9917 | D:8      | Killed an elephant
 10084 | D:8      | Acquired Dithmenos' third power
 10275 | D:8      | Reached skill level 13 in Unarmed Combat
 10590 | D:8      | Gained mutation: You are mostly covered in thin metallic scales (AC +3). [demonic ancestry]
 10590 | D:8      | Reached XP level 10. HP: 53/70 MP: 7/10
 10980 | D:8      | Noticed a three-headed hydra
 11465 | D:9      | Found Husu's Assorted Antiques.
 11472 | D:9      | Bought a pink potion for 22 gold pieces
 11472 | D:9      | Bought a small pearl amulet for 125 gold pieces
 11472 | D:9      | Bought an emulsified silvery potion for 22 gold pieces
 11472 | D:9      | Bought a scroll of identify for 50 gold pieces
 11472 | D:9      | Bought an embroidered robe for 17 gold pieces
 11472 | D:9      | Bought a potion of curing for 50 gold pieces
 11472 | D:9      | Bought a scroll of identify for 50 gold pieces
 11562 | D:9      | Noticed Duvessa
 11564 | D:9      | Noticed Dowan
 11570 | D:9      | Killed Duvessa
 11572 | D:9      | Killed Dowan
 11646 | D:9      | Found a staircase to the Orcish Mines.
 11743 | D:9      | Found a roughly hewn altar of Beogh.
 11755 | D:9      | Reached skill level 14 in Unarmed Combat
 12451 | D:10     | Entered Level 10 of the Dungeon
 12451 | D:10     | Noticed Fannar
 12462 | D:10     | Killed Fannar
 12563 | D:10     | Reached skill level 15 in Unarmed Combat
 12892 | D:9      | Acquired Dithmenos' fourth power
 13137 | D:10     | Noticed Urug
 13584 | D:10     | Reached XP level 11. HP: 57/75 MP: 8/11
 13681 | D:10     | Reached skill level 1 in Invocations
 14641 | D:11     | Killed an unseen horror
 14656 | D:11     | Noticed Sonja
 14743 | D:12     | Gained mutation: You are agile. (Dex +2) [potion of beneficial mutation]
 15345 | D:12     | Noticed a hill giant
 15351 | D:12     | Killed a hill giant
 16295 | D:12     | Noticed a tengu warrior
 16592 | D:11     | Killed Sonja
 16672 | D:11     | Noticed a hill giant
 16683 | D:11     | Killed a hill giant
 16683 | D:11     | Reached skill level 5 in Invocations
 16984 | D:11     | Found a staircase to the Orcish Mines.
 16993 | D:11     | the staircase to the Orcish Mines was a mimic.
 17427 | D:10     | Noticed Josephine
 17747 | D:11     | Killed an unseen horror
 18250 | D:10     | Killed Josephine
 18250 | D:10     | Gained mutation: You are robust (+10% HP). [demonic ancestry]
 18250 | D:10     | Reached XP level 12. HP: 66/93 MP: 20/22
 18539 | D:10     | Noticed a wizard
 18539 | D:10     | Noticed Erica
 18547 | D:10     | Noticed Joseph
 18552 | D:10     | Noticed Eustachio
 18592 | D:10     | Reached skill level 5 in Fighting
 18593 | D:10     | Killed a wizard
 18655 | D:10     | Killed Erica
 18804 | D:10     | Killed Eustachio
 18825 | D:10     | Killed Joseph
 19177 | Orc:1    | Entered Level 1 of the Orcish Mines
 19751 | D:9      | Killed an unseen horror
 19751 | D:9      | Reached skill level 5 in Dodging
 20427 | Orc:2    | Found a roughly hewn altar of Beogh.
 20430 | Orc:2    | Noticed Grum
 21310 | Orc:2    | Killed Grum
 21459 | Orc:2    | Noticed Harold
 21463 | Orc:2    | Reached skill level 5 in Stealth
 21478 | Orc:2    | Killed Harold
 21478 | Orc:2    | Reached skill level 16 in Unarmed Combat
 22566 | Orc:4    | Entered Level 4 of the Orcish Mines
 23049 | Orc:3    | Found a staircase to the Elven Halls.
 23070 | Orc:3    | Found a roughly hewn altar of Beogh.
 25274 | Orc:4    | Gained mutation: You are very robust (+20% HP). [demonic ancestry]
 25274 | Orc:4    | Reached XP level 13. HP: 78/111 MP: 26/26
 25855 | Orc:4    | Reached skill level 10 in Invocations
 26388 | Orc:4    | Found Xatesus' Weapon Boutique.
 26388 | Orc:4    | Found Skailu's Antique Armour Shop.
 26388 | Orc:4    | Found Oloiz's Antique Weapon Shop.
 26389 | Orc:4    | Found Udoynn's Gadget Shop.
 26399 | Orc:4    | Bought a wand of teleportation (2) for 270 gold pieces
 26836 | Orc:4    | Learned a level 2 spell: Blink
 26839 | Orc:4    | Learned a level 2 spell: Repel Missiles
 27287 | D:8      | Killed a three-headed hydra
 27505 | D:7      | Killed a griffon
 27516 | D:7      | Killed a polar bear
 27529 | D:7      | Killed a polar bear
 27554 | D:7      | Killed a polar bear
 27591 | D:7      | Killed a polar bear
 27690 | Lair:1   | Entered Level 1 of the Lair of Beasts
 27701 | Lair:1   | Identified the Disquisition on the Voyage and Aid
 27918 | Lair:1   | Found a stormy altar of Qazlal.
 29003 | Lair:2   | Noticed gw's ghost (powerful DDGl)
 29166 | Lair:2   | Killed gw's ghost
 30259 | Lair:3   | Learned a level 1 spell: Apportation
 30262 | Lair:3   | Learned a level 2 spell: Shroud of Golubria
 30320 | Lair:3   | Found a staircase to the Snake Pit.
 30336 | Lair:3   | Reached XP level 14. HP: 68/124 MP: 22/29
 31470 | Lair:3   | Reached skill level 17 in Unarmed Combat
 34484 | Lair:6   | Found a staircase to the Swamp.
 34788 | Lair:6   | Found a basalt altar of Yredelemnul.
 35806 | Lair:7   | Found a labyrinth entrance.
 35821 | Lab      | Entered a labyrinth
 35947 | Lab      | Got a warped plate armour
 36067 | Lab      | Got a polished eveningstar
 36070 | Lab      | Identified the Tome of Self-Knowledge
 36071 | Lab      | Got a faintly humming leather armour
 36078 | Lab      | Identified Sif Muna's Handbook of the Meadowlark
 36092 | Lab      | Identified the +3 leather armour of Gozag's Displeasure {rC+} (You found it in a labyrinth)
 36102 | Lab      | Identified the +1 plate armour "Ogier" {Str+3 Dex-3 Int+5} (You took it off a minotaur in a labyrinth)
 36114 | Lab      | Identified the +5 eveningstar "Etu Toun" {crush, rPois SInv} (You found it in a labyrinth)
 36146 | Lair:7   | Learned a level 1 spell: Infusion
 36149 | Lair:7   | Learned a level 2 spell: Song of Slaying
 36153 | Lair:7   | Learned a level 3 spell: Regeneration
 36400 | Lair:7   | Found a staircase to the Slime Pits.
 37897 | Lair:8   | Entered Level 8 of the Lair of Beasts
 38314 | Orc:4    | Bought a runed swamp dragon armour for 1650 gold pieces
 38790 | Lair:8   | Gained mutation: You have claws for hands. [demonic ancestry]
 38790 | Lair:8   | Reached XP level 15. HP: 118/135 MP: 28/31
 39286 | Lair:8   | Reached skill level 1 in Armour
 40397 | Lair:8   | Got a crude chain mail
 40611 | Lair:8   | Reached skill level 18 in Unarmed Combat
 40976 | Lair:7   | Identified the +2 chain mail "Icyihydyup" {rF+ MR++} (You found it on level 8 of the Lair of Beasts)
 41052 | Swamp:1  | Entered Level 1 of the Swamp
 42202 | Swamp:1  | Reached skill level 10 in Fighting
 43792 | Swamp:2  | Noticed Jorgrun
 43813 | Swamp:2  | Killed Jorgrun
 44226 | Swamp:3  | Gained mutation: A demonic guardian rushes to your aid. [demonic ancestry]
 44226 | Swamp:3  | Reached XP level 16. HP: 82/147 MP: 20/32
 44548 | Swamp:3  | You fall through a shaft!
 45223 | Swamp:3  | Reached skill level 10 in Stealth
 47540 | Swamp:4  | Reached skill level 10 in Dodging
 47682 | Swamp:4  | Reached skill level 5 in Armour
 48375 | Swamp:5  | Entered Level 5 of the Swamp
 48395 | Swamp:4  | HP: 6/148 [eight-headed hydra (8)]
 48820 | Swamp:5  | Noticed Donald
 48828 | Swamp:5  | Killed Donald
 49599 | Snake:1  | Entered Level 1 of the Snake Pit
 49623 | Snake:1  | Reached skill level 19 in Unarmed Combat
 50612 | Snake:1  | Reached skill level 1 in Spellcasting
 50852 | Snake:2  | Noticed Vashnia
 51558 | Snake:2  | Noticed Roxanne
 51837 | Snake:2  | Killed Roxanne
 51916 | Snake:2  | Reached skill level 1 in Necromancy
 51921 | Snake:2  | Found Fyqeig's Weapon Emporium.
 51935 | Snake:2  | Reached skill level 1 in Charms
 52031 | Snake:1  | Gained mutation: A powerful demonic guardian rushes to your aid. [demonic ancestry]
 52031 | Snake:1  | Reached XP level 17. HP: 52/157 MP: 23/32
 53282 | Snake:2  | Killed Vashnia
 53523 | Snake:2  | Noticed Nessos
 53533 | Snake:2  | Killed Nessos
 53982 | Snake:3  | Learned a level 2 spell: Swiftness
 54237 | Snake:3  | Found a frozen archway.
 54279 | IceCv    | Entered an ice cave
 55147 | IceCv    | Noticed an Ice Fiend
 55155 | IceCv    | Killed an Ice Fiend
 56793 | Snake:4  | Noticed Saint Roka
 56808 | Snake:4  | Killed Saint Roka
 57218 | Snake:4  | Reached skill level 5 in Spellcasting
 57222 | Snake:4  | Got a bloodstained buckler
 57442 | Snake:4  | Identified the cursed -5 buckler of Mirth {rElec Int+3} (You found it on level 4 of the Snake Pit)
 57910 | Snake:5  | Entered Level 5 of the Snake Pit
 60082 | Snake:5  | Reached XP level 18. HP: 135/168 MP: 25/33
 60219 | Snake:5  | Got a serpentine rune of Zot
 60397 | Snake:5  | Slain by a salamander mystic

Action                   |  1- 3 |  4- 6 |  7- 9 | 10-12 | 13-15 | 16-18 || total
-------------------------+-------+-------+-------+-------+-------+-------++-------
Melee: Unarmed           |   165 |   210 |   488 |  1172 |  2143 |  1338 ||  5516
       Eveningstar       |       |       |       |       |    36 |    25 ||    61
 Fire: Blowgun           |       |       |       |    17 |       |     3 ||    20
Throw: Throwing net      |       |       |       |    12 |     1 |     2 ||    15
       Javelin           |       |       |       |       |     2 |       ||     2
 Cast: Repel Missiles    |       |       |       |       |       |     1 ||     1
Invok: Shadow Step       |       |       |       |     1 |     6 |     6 ||    13
Evoke: Wand              |       |     3 |     4 |    11 |     6 |    13 ||    37
       Fan of gales      |       |       |       |       |     1 |     2 ||     3
  Use: Scroll            |       |     9 |     3 |    14 |    17 |    17 ||    60
       Potion            |       |     1 |       |     3 |     2 |    10 ||    16
 Stab: Sleeping          |     1 |     7 |     5 |    13 |    58 |    24 ||   108
       Distracted        |       |     2 |     3 |    13 |    29 |    16 ||    63
       Held in net/web   |       |       |       |    15 |       |       ||    15
       Fleeing           |       |       |       |       |     1 |       ||     1
       Confused          |       |       |       |       |       |     1 ||     1
  Eat: Chunk             |     2 |    10 |    12 |    45 |    46 |    32 ||   147
       Pizza             |       |       |     1 |       |       |     1 ||     2
       Bread ration      |       |       |     1 |       |       |     3 ||     4
       Fruit             |       |       |       |     1 |     1 |       ||     2
       Beef jerky        |       |       |       |     1 |     2 |       ||     3
       Meat ration       |       |       |       |       |     2 |     1 ||     3
       Royal jelly       |       |       |       |       |       |     1 ||     1
